 Dungeon Sprint DCSS version 0.17-a0-1718-g72dbe4d (webtiles) character file.

105 nuthulu the Vexing (level 4, -2/40 HPs)
             Began as a Deep Elf Enchanter on Aug 26, 2015.
             Drowned by a water elemental (3 damage)
             ... in the Dungeon (Sprint III: "The Ten Rune Challenge").
             The game lasted 00:02:31 (661 turns).

nuthulu the Vexing (Deep Elf Enchanter)              Turns: 661, Time: 00:02:32

Health: -2/40      AC:  5    Str: 10    XL:     4   Next: 53%
Magic:  2/14       EV: 15    Int: 20    God:
Gold:   22         SH:  0    Dex: 16    Spells: 5 memorised, 3 levels left

rFire  . . .     SeeInvis .     a - +1 dagger
rCold  . . .     Clarity  .     b - +2 robe
rNeg   . . .     SustAt   .     (no shield)
rPois  .         Gourm    .     (no helmet)
rElec  .         Spirit   .     (no cloak)
rCorr  .         Warding  .     (no gloves)
rMut   .         NoTele   +     (no boots)
MR     .....                    (no amulet)
Stlth  ..........               (no ring)
                                (no ring)

@: berserking, engulfed (cannot breathe), very quick, not resistant to hostile
enchantments, extremely unstealthy
A: rugged brown scales 1, deterioration 1, robust 1
a: no special abilities


You were in the Dungeon.
You were not hungry.

You visited 1 branch You collected 22 gold pieces.

Inventory:

Hand weapons
 a - a +1 dagger (weapon)
Armour
 b - a +2 robe (worn)
Scrolls
 j - a scroll of blinking
 k - a scroll of fog
 l - a scroll of torment {unknown}
 n - 2 scrolls of remove curse
 q - a scroll of holy word {unknown}
Potions
 g - a potion of haste
 h - 3 potions of magic
 p - 3 potions of flight
Books
 c - a book of Maledictions

   Spells                             Type                      Level
   a - Corona                         Hexes                        1
   b - Ensorcelled Hibernation        Hexes/Ice                    2
   c - Confuse                        Hexes                        3
   d - Tukima's Dance                 Hexes                        3
   e - Dazzling Spray                 Conjuration/Hexes            3
Comestibles
 d - a bread ration
 o - 4 fruits


   Skills:
 + Level 3.8 Short Blades
 + Level 5.6 Dodging
 + Level 6.2 Stealth
 + Level 6.0 Spellcasting
 + Level 6.7 Hexes


You had 3 spell levels left.
You knew the following spells:

 Your Spells              Type           Power        Failure   Level  Hunger
a - Corona                Hex            ####...      1%          1    None
b - Ensorcelled Hibernat  Hex/Ice        ###...       4%          2    None
c - Confuse               Hex            ####....     1%          3    ##.....
d - Tukima's Dance        Hex            ####....     1%          3    ##.....
e - Dazzling Spray        Conj/Hex       ###.....     10%         3    ##.....


Dungeon Overview and Level Annotations

Branches:
Dungeon (1/1)

Altars:


Innate Abilities, Weirdness & Mutations

You are partially covered in rugged brown scales (AC +1, +3% HP).
Your body sometimes deteriorates upon taking damage.
You are robust (+10% HP).


Message History

The water elemental misses you.
Casting: Dazzling Spray
Confirm with . or Enter, or press ? or * to list all spells.
Aiming: Dazzling Spray
Press: ? - help, Shift-Dir - straight line, f/p - water elemental
Aim: a water elemental (severely damaged)
The spray of energy hits the water elemental.
The water elemental is almost destroyed.
The water elemental hits you!
* * * LOW HITPOINT WARNING * * *
Drink which item? (? for menu, Esc to quit)
You feel better. The water elemental closely misses you.
Drink which item? (? for menu, Esc to quit)
A red film seems to cover your vision as you go berserk!
You feel yourself moving faster!
You feel mighty! The water elemental hits you!
* * * LOW HITPOINT WARNING * * *
The water elemental engulfs you in water!
You closely miss the water elemental.
The water elemental is almost destroyed.
You die...

▓.....#....≈.♣♣♣♣.###
▓.....#...≈≈♣♣....#..
▓.....#..≈≈≈≈♣.♣♣.'.⌠
▓####'#..≈≈≈≈≈≈.♣.#..
▓...[.#.≈≈≈≈≈≈....#.⌠
▓.....#.≈≈≈≈≈.....#..
▓.....#.≈≈≈.......#+#
▓'#####...........#
▓...@E............#
▓▓▓▓▓▓▓▓▓▓▓▓▓▓▓▓▓▓▓


You could see a water elemental.

Vanquished Creatures
  A scorpion (D)
  Jessica (D)
  A human (D)
  2 oozes (D)
  A rat (D)
6 creatures vanquished.

Vanquished Creatures (others)
  2 draconian scorchers (D)
  A yaktaur (D)
3 creatures vanquished.

Grand Total: 9 creatures vanquished

Notes
Turn   | Place    | Note
--------------------------------------------------------------
     0 | D        | nuthulu the Deep Elf Enchanter began the quest for the Orb.
     0 | D        | Reached XP level 1. HP: 10/10 MP: 6/6
    14 | D        | Reached XP level 2. HP: 7/15 MP: 3/8
    18 | D        | Learned a level 2 spell: Ensorcelled Hibernation
   111 | D        | Killed a yaktaur
   156 | D        | Killed a white draconian scorcher
   173 | D        | Noticed Jessica
   188 | D        | Killed Jessica
   188 | D        | Reached skill level 5 in Stealth
   188 | D        | Reached skill level 5 in Hexes
   188 | D        | Reached XP level 3. HP: 17/19 MP: 0/11
   193 | D        | Learned a level 3 spell: Confuse
   194 | D        | Killed a white draconian scorcher
   199 | D        | Learned a level 3 spell: Tukima's Dance
   306 | D        | Reached skill level 5 in Spellcasting
   530 | D        | Noticed a scorpion
   537 | D        | Killed a scorpion
   537 | D        | Reached skill level 5 in Dodging
   537 | D        | Reached skill level 6 in Stealth
   537 | D        | Reached XP level 4. HP: 24/24 MP: 12/14
   544 | D        | Learned a level 3 spell: Dazzling Spray
   558 | D        | Gained mutation: You are frail (-10% HP). [potion of mutation]
   558 | D        | Gained mutation: You occasionally shout uncontrollably at your foes. [potion of mutation]
   558 | D        | Gained mutation: You possess an exceptional clarity of mind. [potion of mutation]
   559 | D        | Lost mutation: You are frail (-10% HP). [potion of cure mutation]
   559 | D        | Lost mutation: You occasionally shout uncontrollably at your foes. [potion of cure mutation]
   559 | D        | Lost mutation: You possess an exceptional clarity of mind. [potion of cure mutation]
   560 | D        | Gained mutation: You are partially covered in rugged brown scales (AC +1, +3% HP). [potion of mutation]
   560 | D        | Gained mutation: Your body sometimes deteriorates upon taking damage. [potion of mutation]
   560 | D        | Gained mutation: You are robust (+10% HP). [potion of mutation]
   638 | D        | Noticed a water elemental
   658 | D        | HP: 1/27 [water elemental (12)]
   661 | D        | Drowned by a water elemental

Vault maps used:
D:        dungeon_sprint_mu

Action                   |  1- 3 |  4- 6 || total
-------------------------+-------+-------++-------
Melee: Dagger            |    20 |     1 ||    21
 Cast: Corona            |     4 |       ||     4
       Ensorcelled Hiber |     8 |       ||     8
       Confuse           |     1 |       ||     1
       Dazzling Spray    |       |     5 ||     5
  Use: Potion            |     1 |     5 ||     6
       Scroll            |       |     4 ||     4
 Stab: Sleeping          |     4 |       ||     4
       Confused          |     1 |       ||     1
